 Dungeon Crawl Stone Soup version 0.21.1-1-g345015fe64 (webtiles) character file.

573804 PikkenKukken the Hoplite (level 27, -17/270 HPs)
             Began as a Gargoyle Berserker on June 11, 2018.
             Was the Champion of Trog.
             Killed from afar by a purple draconian scorcher (33 damage)
             ... with damnation
             ... on level 2 of the Realm of Zot on June 20, 2018.
             The game lasted 06:17:09 (74609 turns).

PikkenKukken the Hoplite (Gargoyle Berserker)      Turns: 74609, Time: 06:17:10

Health: -17/270    AC: 53    Str: 36    XL:     27
Magic:  23/23      EV: 10    Int:  9    God:    Trog [******]
Gold:   7267       SH: 39    Dex: 23    Spells: 26/26 levels left

rFire    + . .     SeeInvis .   b - +8 fustibalus (velocity)
rCold    + + .     Gourm    .   i - +4 large shield
rNeg     + + .     Faith    .   h - +4 gold dragon scales
rPois    ∞         Spirit   .   R - +0 hat {MR+}
rElec    +         Reflect  +   u - scarf {repulsion}
rCorr    .         Harm     .   q - +1 pair of gloves {Dex+3}
MR       +++++                  f - +2 pair of boots
Stlth    ..........             t - brooch of Shielding {Reflect SH+8}
HPRegen  0.55/turn              J - ring of Joru {rN+ Str+3 Int+3 Stlth+}
MPRegen  0.18/turn              T - ring of Tochekh {MR++ AC-2 Int-4 Dex+7}

@: berserking, repel missiles, very quick
A: big wings, cold resistance 1, magic resistance 1, mutation resistance 1,
negative energy resistance 1, shaggy fur 1, electricity resistance, unbreathing,
petrification resistance, rot immunity, subdued magic 1, AC +20
}: 3/15 runes: serpentine, barnacled, silver
a: Fly, Berserk, Trog's Hand, Brothers in Arms, Burn Spellbooks, Renounce
Religion


You were on level 2 of the Realm of Zot.
You worshipped Trog.
Trog was exalted by your worship.
You were very hungry.

You visited 10 branches of the dungeon, and saw 49 of its levels.
You visited the Abyss 1 time.
You visited 1 bazaar.
You also visited: Ossuary.

You collected 8749 gold pieces.
You spent 1482 gold pieces at shops.

Inventory:

Hand Weapons
 a - a +9 demon whip of protection
 b - a +8 fustibalus of velocity (weapon)
 g - a +2 demon whip of electrocution
Missiles
 d - 561 sling bullets (quivered)
Armour
 f - a +2 pair of boots (worn)
 h - +4 gold dragon scales (worn)
 i - a +4 large shield (worn)
 q - a +1 pair of gloves of dexterity (worn)
 s - a +2 cloak of invisibility
 u - a scarf of repulsion (worn)
 x - the +5 plate armour "Sonee" {rN+ Regen+ Str-4}
   (You found it on level 1 of the Realm of Zot)

   It affects your strength (-4).
   It protects you from negative energy.
   It increases your rate of regeneration.
 K - a +0 cloak of magic resistance
 R - a +0 hat of magic resistance (worn)
Jewellery
 p - the ring "Fikukh" {MR+ Int+3 Dex+3}
   (You found it on level 3 of the Depths)

   [ring of intelligence]

   It affects your intelligence (+3).
   It affects your dexterity (+3).
   It affects your resistance to hostile enchantments.
 t - the brooch of Shielding (around neck) {Reflect SH+8}
   (You found it on level 1 of the Elven Halls)

   [amulet of reflection]

   It shields you and reflects attacks.
   It affects your SH (+8).
 D - an uncursed ring of protection from magic
 E - an uncursed amulet of the gourmand
 G - an uncursed ring of resist corrosion
 J - the ring of Joru (left hand) {rN+ Str+3 Int+3 Stlth+}
   (You found it on level 3 of the Crypt)

   [ring of positive energy]

   It affects your strength (+3).
   It affects your intelligence (+3).
   It protects you from negative energy.
   It makes you more stealthy.
 T - the ring of Tochekh (right hand) {MR++ AC-2 Int-4 Dex+7}
   (You took it off a deep elf demonologist on level 3 of the Elven Halls)

   [ring of protection]

   It affects your AC (-2).
   It affects your intelligence (-4).
   It affects your dexterity (+7).
   It affects your resistance to hostile enchantments.
Wands
 y - a wand of acid (13)
 z - a wand of flame (23)
 F - a wand of enslavement (15)
 X - a wand of digging (19)
Scrolls
 j - 8 scrolls of blinking
 m - 20 scrolls of remove curse
 n - 11 scrolls of teleportation
 o - 18 scrolls of identify
 L - 7 scrolls of magic mapping
 P - a scroll of fog
 S - a scroll of holy word
 V - 3 scrolls of summoning
 W - a scroll of silence
Potions
 k - 18 potions of curing
 l - 4 potions of cancellation
 r - 11 potions of heal wounds
 v - 2 potions of magic
 w - 2 potions of berserk rage
 A - 5 potions of agility
 B - 10 potions of might
 C - 6 potions of haste
 H - a potion of brilliance
 O - a potion of resistance
Books
 e - a book of the Sky

   Spells                             Type                      Level
   a - Summon Lightning Spire         Summoning/Air                4
   b - Silence                        Hexes/Air                    5
   c - Deflect Missiles               Charms/Air                   6
   d - Conjure Ball Lightning         Conjuration/Air              6
   e - Tornado                        Air                          9
   Trog disapproves of the use of such an item.
 I - a book of Power

   Spells                             Type                      Level
   a - Iskenderun's Battlesphere      Conjuration/Charms           5
   b - Venom Bolt                     Conjuration/Poison           5
   c - Bolt of Magma                  Conjuration/Fire/Earth       5
   d - Iron Shot                      Conjuration/Earth            6
   e - Orb of Destruction             Conjuration                  7
   f - Spellforged Servitor           Conjuration/Summoning        7
   Trog disapproves of the use of such an item.
 N - a book of Ice

   Spells                             Type                      Level
   a - Ice Form                       Ice/Transmutation            4
   b - Metabolic Englaciation         Hexes/Ice                    5
   c - Ozocubu's Refrigeration        Ice                          6
   d - Bolt of Cold                   Conjuration/Ice              6
   e - Freezing Cloud                 Conjuration/Ice/Air          6
   f - Simulacrum                     Ice/Necromancy               6
   Trog disapproves of the use of such an item.
 Y - a book of Maledictions

   Spells                             Type                      Level
   a - Corona                         Hexes                        1
   b - Ensorcelled Hibernation        Hexes/Ice                    2
   c - Confuse                        Hexes                        3
   d - Tukima's Dance                 Hexes                        3
   e - Dazzling Spray                 Conjuration/Hexes            3
   Trog disapproves of the use of such an item.
Comestibles
 c - 50 rations
 M - 4 chunks of flesh


   Skills:
 + Level 20.6 Fighting
   Level 13.8(18.2) Axes
 + Level 20.9(22.3) Maces & Flails
 + Level 16.6(17.1) Slings
 - Level 7.7(13.2) Throwing
 + Level 20.2 Armour
 - Level 3.4 Dodging
 + Level 21.2 Shields


You had 26 spell levels left.
You didn't know any spells.

Dungeon Overview and Level Annotations

Branches:
Dungeon (15/15)            Temple (0/1) D:4            Lair (6/6) D:8
 Shoals (4/4) Lair:4        Snake (4/4) Lair:3        Slime (0/5) Lair:5
    Orc (2/2) D:12            Elf (3/3) Orc:2        Vaults (5/5) D:14
  Crypt (3/3) Vaults:2       Tomb (0/3) Crypt:3      Depths (5/5) D:15
    Zot (2/5) Depths:5

Altars:
Dithmenos
Fedhas
Gozag
Hepliaklqana
Makhleb
Nemelex Xobeh
Okawaru
Sif Muna
Vehumet
Wu Jian
Xom
The Shining One
Jiyva
Lugonu

Shops:
D:5 (%}[*   D:9 *   Orc:2 (=[*   Elf:2 *[   Elf:3 ?   Snake:2 :   Snake:3 }
Vaults:2 :   Vaults:3 ?   Vaults:4 ::   Zot:1 *   Depths:1 ?   Depths:2 =}}
Depths:3 %   Depths:5 [*(

Portals:
Hell: Depths:1 Depths:2 Depths:3 Depths:4 Depths:5
Abyss: Depths:3 Depths:4
Pandemonium: Depths:3
Ziggurat: Depths:3

Annotations:
Lair:1 Grum
Shoals:3 exclusion: Roxanne, Roxanne
Shoals:4 Ilsuiw, Mara
Elf:2 1 runed door
Depths:3 exclusion: orange crystal statue


Innate Abilities, Weirdness & Mutations

You are resistant to torment.
Your stone body is resilient. (AC +20)
You are immune to poison.
Your large and strong wings let you fly indefinitely.
You resist negative energy. (rN+)
You are resistant to electric shocks. (rElec)
You can survive without breathing.
You are immune to petrification.
You are immune to rotting.
Your flesh is cold resistant. (rC+)
You are resistant to hostile enchantments. (MR+)
You are somewhat resistant to further mutation.
You are covered in fur. (AC +1)
Your spells are a little easier to cast, but a little less powerful.


Message History

* * * LOW HITPOINT WARNING * * *
The yellow draconian throws acid at you.
The glob of acid reflects off an invisible shield around you!
The glob of acid hits the yellow draconian.
The yellow draconian is splashed with acid.
The purple draconian breathes dispelling energy at you.
The bolt of dispelling energy hits you!
* * * LOW HITPOINT WARNING * * *
The purple draconian scorcher gestures at you while chanting.
The fireball explodes!
The fireball engulfs you! You resist.
* * * LOW HITPOINT WARNING * * *
Do you really want to go berserk while wielding your +8 fustibalus of velocity?
A red film seems to cover your vision as you go berserk!
You feel yourself moving faster!
You feel mighty!
You are feeling very hungry.
The purple draconian breathes dispelling energy at you.
The bolt of dispelling energy misses you.
The purple draconian scorcher gestures at you while chanting.
The sphere of damnation explodes!
The damnation engulfs you!
You die...

#.# #.# ###.# #...# #...##
##### #....#
#...#################...####
#.....<........d............
#..........@...d.q....).....
##.............q............
#...############...........
#...# #.....)..... ##...#
####........
#....###############........
#....)......................
#...........................
##..........................


You could see a yellow draconian, a purple draconian, a purple draconian shifter
and a purple draconian scorcher.

Vanquished Creatures
  2 ancient liches
  Bai Suzhen (Vaults:1)
  Saint Roka (Depths:3)
  Margery (Vaults:4)
  Vashnia (Snake:3)
  A golden dragon (Depths:2)
  Nikola (Elf:3)
  3 bone dragons
  A Brimstone Fiend (Depths:4)
  An electric golem (Zot:1)
  6 liches
  9 tentacled monstrosities
  Rupert (D:13)
  An Ice Fiend (Depths:3)
  4 titans (Vaults:5)
  A deep elf master archer (Elf:3)
  3 sphinxes
  3 deep elf blademasters (Elf:3)
  A kraken (Shoals:1)
  3 quicksilver dragons
  A tentacled starspawn (Abyss:1)
  2 ancient champions
  11 shadow dragons
  5 tengu reavers
  A draconian monk (Zot:1)
  A revenant (Crypt:1)
  8 frost giants
  8 fire giants
  Donald (Snake:3)
  8 storm dragons
  6 deep elf sorcerers
  9 nagarajas
  2 balrugs
  15 vault wardens
  3 iron dragons
  Aizul (Snake:3)
  An orc warlord (Orc:1)
  12 ironheart preservers
  4 deep elf elementalists
  A curse skull (Crypt:3)
  2 caustic shrike zombies
  2 draconian shifters (Depths:5)
  A reaper (Depths:3)
  13 stone giants
  2 draconian annihilators
  26 very ugly things
  The ghost of Faustar the Lord of Darkness, a journeyman DENe of Kikubaaqudgha (Shoals:1)
  3 entropy weavers
  5 black draconians
  4 war gargoyles
  10 vampire knights
  3 green draconians
  6 deep elf demonologists
  8 deep elf annihilators
  2 purple draconians (Depths:5)
  5 spark wasps
  5 white draconians
  4 red draconians (Zot:1)
  The ghost of denis1488 the Severer, a journeyman MiMo of Cheibriados (Orc:1)
  2 merfolk javelineers (Shoals:3)
  2 blizzard demons (Depths:4)
  14 ettins
  An ettin (shapeshifter) (Depths:3)
  A deep elf death mage (Vaults:4)
  Josephine (D:13)
  11 deep elf high priests
  9 fire dragons
  6 jiangshi
  7 merfolk impalers
  4 great orbs of eyes
  9 yaktaur captains
  4 rakshasas
  A spriggan air mage (Depths:4)
  7 hydras
  4 starcursed masses
  28 vault guards
  A hell beast (Depths:1)
  13 ice dragons
  8 naga warriors
  6 merfolk aquamancers
  3 catoblepae
  3 merfolk avatars
  8 centaur warriors
  8 death knights
  A two-headed ogre (shapeshifter) (Depths:3)
  46 two-headed ogres
  2 alligator snapping turtles
  7 anacondas
  14 ogre magi
  An alligator (shapeshifter) (Vaults:4)
  A satyr (Shoals:2)
  A queen ant (Lair:6)
  13 tengu warriors
  33 dancing weapons
  20 death yaks
  A spectral spriggan (Depths:1)
  8 deep troll shamans
  6 spriggan berserkers
  7 deep troll earth magi
  A titan zombie (Crypt:3)
  4 orc high priests (Orc:2)
  5 vampire magi
  11 naga sharpshooters
  5 shock serpents
  2 spriggans (Depths:5)
  6 sun demons
  19 hell knights
  2 storm dragon zombies
  5 iron trolls
  A salamander mystic (Snake:3)
  3 unseen horrors
  15 deep elf knights
  A shadow wraith (Vaults:1)
  26 skeletal warriors
  2 soul eaters
  2 death drakes (shapeshifter)
  23 deep trolls
  A wretched star (Abyss:1)
  An iron giant zombie (Crypt:2)
  2 wizards (Depths:3)
  6 large abominations
  8 sea snakes
  A glowing orange brain (Vaults:2)
  7 naga ritualists
  9 deep elf archers
  2 phantasmal warriors
  A storm dragon skeleton (Crypt:3)
  17 orc knights
  The ghost of
  359359 the Chiller, a novice OpIE of Sif Muna (D:8)
  A harpy (shapeshifter) (Depths:3)
  A wolf spider zombie (Crypt:3)
  14 ironbrand convokers
  6 flayed ghosts
  8 mana vipers
  10 harpies
  6 necromancers
  7 orc sorcerers
  An orb spider (shapeshifter) (D:13)
  A stone giant zombie (Crypt:2)
  A mana viper (shapeshifter) (Depths:3)
  A frost giant zombie (Vaults:2)
  A wolf spider (shapeshifter) (D:15)
  8 fauns
  4 cyclopes
  6 manticores
  44 deep elf magi
  A wolf spider (Vaults:4)
  A fire giant zombie (Crypt:3)
  59 ugly things
  10 salamanders
  3 fire giant skeletons
  A stone giant skeleton (Abyss:1)
  13 elephants
  2 merfolk sirens
  A human skeleton (Vaults:2)
  3 water nymphs
  A rust devil (Depths:1)
  A frost giant skeleton (Crypt:1)
  32 black mambas
  3 moths of wrath (Zot:1)
  A torpor snail (Lair:4)
  A dire elephant zombie (Crypt:1)
  14 vault sentinels
  2 smoke demons (Crypt:3)
  24 naga magi
  An elephant (shapeshifter) (Depths:3)
  8 spiny frogs
  7 gargoyles
  An orange demon (Depths:3)
  3 human zombies
  6 centaur skeletons
  A dire elephant skeleton (Crypt:3)
  4 kobold demonologists
  11 komodo dragons
  A spiny frog (shapeshifter) (Depths:1)
  A spectral glowing shapeshifter (Depths:1)
  2 rime drakes (Lair:6)
  36 yaktaurs
  A yaktaur zombie (Depths:1)
  A spark wasp simulacrum (Depths:3)
  13 freezing wraiths
  7 tengu conjurers
  An efreet (D:15)
  A purple draconian skeleton (Crypt:1)
  7 ice devils
  2 ancient zymes (Abyss:1)
  3 trolls (shapeshifter)
  5 trolls
  18 merfolk
  4 red devils
  A polar bear (shapeshifter) (Vaults:5)
  A harpy skeleton (Crypt:3)
  A wolf spider simulacrum (D:15)
  A meliai (shapeshifter) (Vaults:4)
  A queen bee (Lair:2)
  A tengu simulacrum (Depths:3)
  5 polar bears (Lair:6)
  12 slime creatures
  A moth of wrath zombie (Crypt:1)
  3 hornets
  6 wind drakes
  A raiju (Abyss:1)
  6 snapping turtles
  6 blink frogs
  10 hippogriffs
  3 fire dragon zombies
  An ice dragon zombie (Depths:1)
  9 dream sheep
  A frost giant simulacrum (Crypt:1)
  An ettin zombie (Crypt:3)
  A guardian serpent skeleton (Crypt:2)
  6 flying skulls (Abyss:1)
  8 air elementals
  2 redbacks (Vaults:4)
  2 shadows (Crypt:3)
  A yak (shapeshifter) (Vaults:2)
  16 water elementals
  A tarantella (shapeshifter) (Depths:3)
  12 wraiths
  7 wyverns
  3 humans (Lair:5)
  2 small abominations (Abyss:1)
  31 yaks
  2 basilisks
  2 fire dragon skeletons (Crypt:3)
  4 vampires (Crypt:3)
  3 redbacks (shapeshifter) (Depths:3)
  9 hungry ghosts
  3 fire elementals
  A neqoxec (Abyss:1)
  A steam dragon (D:11)
  2 chaos spawn (Abyss:1)
  8 wargs
  A human simulacrum (Vaults:1)
  3 insubstantial wisps (Abyss:1)
  5 acid dragons
  19 soldier ants
  An acid dragon (shapeshifter) (Vaults:4)
  16 water moccasins
  31 nagas
  A spiny frog zombie (Crypt:3)
  8 porcupines
  2 floating eyes
  A black bear (shapeshifter) (Vaults:4)
  53 orc warriors
  2 ice beasts
  3 sky beasts
  A snapping turtle zombie (Crypt:3)
  A lindwurm zombie (Crypt:2)
  3 eyes of draining
  7 phantoms
  An eye of draining (shapeshifter) (Elf:2)
  40 ogres
  6 boggarts
  16 wolves
  A tengu (shapeshifter) (Depths:3)
  18 centaurs
  10 crocodiles
  2 elf zombies (Ossuary)
  5 big kobolds
  Blork the orc (D:4)
  15 bullfrogs
  A bullfrog (shapeshifter) (Vaults:5)
  4 wyvern zombies
  4 earth elementals
  A spiny frog simulacrum (Crypt:1)
  A salamander skeleton (Crypt:1)
  A wyvern skeleton (D:13)
  2 scorpions
  An elf simulacrum (Vaults:2)
  48 killer bees
  8 wights
  A troll skeleton (Crypt:1)
  An electric eel (Lair:2)
  3 howler monkeys
  A raiju skeleton (Crypt:2)
  2 bullfrog zombies
  4 crimson imps
  A wolf zombie (Crypt:2)
  3 centaur zombies
  2 quasits
  5 hounds
  2 jellies
  A basilisk zombie (Crypt:1)
  28 orc priests
  37 orc wizards
  2 bullfrog skeletons
  2 demonspawn skeletons
  6 iguanas
  Ijyb (D:2)
  A worker ant (shapeshifter) (Vaults:4)
  33 worker ants
  7 hell rats
  A killer bee zombie (D:10)
  4 ogre zombies (Ossuary)
  2 big kobold zombies
  A naga zombie (Crypt:3)
  2 hound zombies
  An ogre skeleton (Crypt:2)
  3 hound skeletons
  7 mummies (Ossuary)
  Robin (D:2)
  An adder (shapeshifter) (Vaults:5)
  3 gnolls (Orc:1)
  4 river rats
  9 adders
  6 shadow imps
  An adder skeleton (D:5)
  7 adder zombies
  2 worms
  A barachi skeleton (Crypt:2)
  A dart slug (D:3)
  6 leopard geckos
  124 orcs
  A ball python (D:4)
  2 giant cockroaches
  16 goblins
  9 hobgoblins
  6 jackals
  4 quokkas
  A ball python skeleton (D:5)
  5 bats
  A frilled lizard (D:1)
  6 goblin zombies (Ossuary)
  4 hobgoblin zombies (Ossuary)
  21 kobolds
  2 kobold zombies (Ossuary)
  2 quokka skeletons
  A quokka zombie (Ossuary)
  9 rats
  3 rat zombies (Ossuary)
  3 crawling corpses
  7 fungi
  11 plants
  4 tentacles (Shoals:1)
2187 creatures vanquished.

Vanquished Creatures (collateral kills)
  An ancient lich (Crypt:3)
  Frederick (Vaults:4)
  A tentacled monstrosity (Vaults:5)
  Asterion (Depths:1)
  A lich (Crypt:3)
  A titan (Vaults:4)
  A nagaraja (Snake:4)
  A stone giant (Vaults:4)
  A naga warrior (Snake:4)
  A death yak (Lair:5)
  A dancing weapon (Elf:1)
  4 naga sharpshooters
  Sonja (Orc:2)
  A naga ritualist (Snake:4)
  A deep elf archer (Vaults:5)
  A phantasmal warrior (Vaults:4)
  2 deep elf magi (Vaults:5)
  An orc sorcerer (Depths:4)
  A naga mage (Snake:4)
  2 elephants (Lair:2)
  A vault sentinel (Vaults:4)
  A merfolk (Shoals:4)
  A hippogriff (Lair:2)
  An air elemental (Depths:3)
29 creatures vanquished.

Vanquished Creatures (others)
  A deep elf master archer (Elf:3)
  A fire giant (Depths:1)
  A draconian shifter (Zot:1)
  2 stone giants
  A spark wasp (Depths:4)
  6 yaktaur captains
  A deep elf high priest (Elf:3)
  An ice dragon (Depths:4)
  2 spriggan air magi
  A rakshasa (Depths:4)
  A centaur warrior (Depths:1)
  A dancing weapon (Elf:1)
  An ogre mage (Vaults:3)
  2 naga sharpshooters
  3 deep elf knights (Elf:2)
  A shadow wraith (Vaults:4)
  7 deep elf archers
  A harpy (Vaults:2)
  A manticore (Shoals:2)
  4 deep elf magi (Elf:2)
  An orc sorcerer (Elf:2)
  A vault sentinel (Vaults:4)
  A black mamba (shapeshifter) (Vaults:5)
  22 yaktaurs
  A dream sheep (Lair:5)
  A human (Lair:5)
  A warg (Depths:4)
  An orc warrior (Orc:2)
  4 centaurs
  2 starcursed masses (Abyss:1)
  2 orcs
  2 bushes
  36 fungi
  34 plants
  4 starspawn tentacles (Abyss:1)
  7 tentacles (Shoals:1)
159 creatures vanquished.

Grand Total: 2375 creatures vanquished

Notes
Turn   | Place    | Note
-------+----------+-------------------------------------------
     0 | D:1      | PikkenKukken the Gargoyle Berserker began the quest for the Orb.
     0 | D:1      | Reached XP level 1. HP: 14/14 MP: 1/1
   188 | D:1      | Reached XP level 2. HP: 18/19 MP: 2/2
   952 | D:2      | Noticed Ijyb
   972 | D:2      | Killed Ijyb
   972 | D:2      | Reached XP level 3. HP: 15/24 MP: 3/3
  1328 | D:2      | Reached XP level 4. HP: 27/29 MP: 4/4
  1331 | D:2      | Reached ** piety under Trog
  1393 | D:2      | Noticed Robin
  1404 | D:2      | Killed Robin
  1937 | D:3      | Reached XP level 5. HP: 24/34 MP: 5/5
  2551 | D:4      | Noticed Blork the orc
  2620 | D:4      | Killed Blork the orc
  2620 | D:4      | Reached skill level 1 in Slings
  2831 | D:4      | Reached XP level 6. HP: 25/40 MP: 6/6
  2882 | D:4      | Reached skill level 5 in Fighting
  3053 | D:4      | Found a staircase to the Ecumenical Temple.
  3064 | D:4      | Found a blossoming altar of Fedhas.
  3158 | D:4      | Gained mutation: Your body sometimes deteriorates upon taking damage. [potion of mutation]
  3158 | D:4      | Gained mutation: Your muscles are strong. (Str +2) [potion of mutation]
  3158 | D:4      | Gained mutation: Your natural rate of healing is unusually fast. [potion of mutation]
  3158 | D:4      | Gained mutation: You are covered in fur. (AC +1) [potion of mutation]
  3367 | D:5      | Entered Level 5 of the Dungeon
  3367 | D:5      | Found Sorul's General Store.
  3374 | D:5      | Bought a scroll of identify for 28 gold pieces
  3538 | D:5      | Found Ephuxu's Armour Emporium.
  3574 | D:5      | Reached *** piety under Trog
  3628 | D:5      | Found Utroeruu's Food Boutique.
  3687 | D:5      | Found a deep blue altar of Sif Muna.
  3766 | D:5      | Found Iqokuy's Weapon Boutique.
  3772 | D:5      | Bought a +4 hand axe of freezing for 356 gold pieces
  3783 | D:5      | Reached XP level 7. HP: 45/45 MP: 7/7
  3807 | D:5      | Found Zoczostre's Gadget Shop.
  3940 | D:5      | Found a shimmering altar of Xom.
  4120 | D:5      | Found a radiant altar of Vehumet.
  4508 | D:6      | Reached skill level 5 in Axes
  4508 | D:6      | Reached XP level 8. HP: 49/52 MP: 8/8
  4523 | D:6      | Found a sand-covered staircase.
  4532 | Ossuary  | Entered an ossuary
  4765 | Ossuary  | Reached **** piety under Trog
  5052 | D:6      | Found a glowing golden altar of the Shining One.
  5129 | D:6      | Found an ornate altar of the Wu Jian Council.
  5565 | D:7      | Found a shadowy altar of Dithmenos.
  5565 | D:7      | Found a sparkling altar of Nemelex Xobeh.
  5701 | D:7      | Found a burning altar of Makhleb.
  5980 | D:8      | Reached XP level 9. HP: 56/57 MP: 9/9
  6023 | D:8      | Found an iron altar of Okawaru.
  6025 | D:8      | Found an opulent altar of Gozag.
  6043 | D:8      | Reached skill level 5 in Armour
  6170 | D:8      | Noticed 359359's ghost (novice OpIE)
  6214 | D:8      | Killed 359359's ghost
  6227 | D:8      | Reached XP level 10. HP: 34/66 MP: 10/10
  6377 | D:8      | Reached ***** piety under Trog
  6384 | D:8      | Found a hazy altar of Hepliaklqana.
  6426 | D:8      | Noticed a two-headed ogre
  6433 | D:8      | Killed a two-headed ogre
  6496 | D:8      | Found a radiant altar of Vehumet.
  6508 | D:8      | Lost mutation: Your body sometimes deteriorates upon taking damage. [potion of mutation]
  6508 | D:8      | Lost mutation: Your muscles are strong. (Str +2) [potion of mutation]
  6508 | D:8      | Lost mutation: Your natural rate of healing is unusually fast. [potion of mutation]
  6508 | D:8      | Gained mutation: Your movements are slightly less encumbered by armour. (ER -2) [potion of mutation]
  6508 | D:8      | Gained mutation: You are resistant to hostile enchantments. (MR+) [potion of mutation]
  6575 | D:8      | Found a staircase to the Lair.
  6613 | Lair:1   | Entered Level 1 of the Lair of Beasts
  6613 | Lair:1   | Noticed a spiny frog
  6628 | D:8      | Killed a spiny frog
  6649 | D:8      | Reached skill level 10 in Fighting
  7167 | Lair:1   | Noticed a spiny frog
  7172 | Lair:1   | Killed a spiny frog
  7215 | Lair:1   | Noticed a spiny frog
  7222 | Lair:1   | Killed a spiny frog
  7226 | Lair:1   | Reached XP level 11. HP: 73/73 MP: 11/11
  7266 | Lair:1   | Noticed a five-headed hydra
  7267 | Lair:1   | Noticed Grum
  7620 | Lair:1   | Reached skill level 10 in Axes
  7752 | Lair:1   | Killed a 16-headed hydra
  8836 | Lair:2   | Reached skill level 5 in Slings
  8990 | Lair:2   | Noticed an eight-headed hydra
  9003 | Lair:2   | Killed a 16-headed hydra
  9003 | Lair:2   | Reached XP level 12. HP: 81/81 MP: 12/12
  9057 | Lair:2   | Noticed a seven-headed hydra
  9074 | Lair:2   | Killed a 19-headed hydra
  9378 | Lair:2   | Received a gift from Trog
 10139 | Lair:3   | Found a staircase to the Snake Pit.
 10381 | Lair:3   | Noticed an eight-headed hydra
 10424 | Lair:3   | Killed an eight-headed hydra
 10424 | Lair:3   | Reached skill level 10 in Armour
 11085 | Lair:4   | Reached skill level 1 in Maces & Flails
 11147 | Lair:4   | Found a staircase to the Shoals.
 11692 | Lair:4   | Noticed a death yak
 11704 | Lair:4   | Killed a death yak
 11704 | Lair:4   | Received a gift from Trog
 12115 | Lair:5   | Noticed a death yak
 12115 | Lair:5   | Noticed a death yak
 12115 | Lair:5   | Noticed a death yak
 12115 | Lair:5   | Noticed a death yak
 12115 | Lair:5   | Noticed a death yak
 12115 | Lair:5   | Noticed a death yak
 12161 | Lair:5   | Found a staircase to the Slime Pits.
 12161 | Lair:5   | Found a viscous altar of Jiyva.
 12285 | Lair:5   | Noticed a death yak
 12285 | Lair:5   | Noticed a death yak
 12285 | Lair:5   | Noticed a death yak
 12319 | Lair:5   | Killed a death yak
 12325 | Lair:5   | Killed a death yak
 12325 | Lair:5   | Reached XP level 13. HP: 84/88 MP: 13/13
 12418 | Lair:5   | Received a gift from Trog
 12918 | Lair:5   | Reached skill level 1 in Shields
 13440 | Lair:5   | Reached skill level 2 in Shields
 13932 | Lair:6   | Entered Level 6 of the Lair of Beasts
 14102 | Lair:6   | Reached skill level 3 in Shields
 14538 | Lair:6   | Noticed an entropy weaver
 14557 | Lair:6   | Killed an entropy weaver
 14557 | Lair:6   | Gained mutation: Your large and strong wings let you fly indefinitely. [Gargoyle growth]
 14557 | Lair:6   | Reached XP level 14. HP: 96/96 MP: 14/14
 14560 | Lair:6   | Noticed an entropy weaver
 14757 | Lair:6   | Reached skill level 4 in Shields
 15007 | Lair:6   | Received a gift from Trog
 15359 | Lair:6   | Reached skill level 15 in Fighting
 15408 | Lair:6   | Reached skill level 5 in Shields
 16004 | Lair:6   | Killed an entropy weaver
 17253 | D:9      | Found Timuucr Ylokh's Assorted Antiques.
 17257 | D:9      | Bought a potion of heal wounds for 150 gold pieces
 17257 | D:9      | Bought a potion of heal wounds for 150 gold pieces
 17620 | D:9      | Found a burning altar of Makhleb.
 17759 | D:9      | Reached skill level 6 in Shields
 18053 | D:9      | Received a gift from Trog
 18075 | D:9      | Found a shimmering altar of Xom.
 18158 | D:10     | Entered Level 10 of the Dungeon
 18277 | D:10     | Lost mutation: You are resistant to hostile enchantments. (MR+) [potion of mutation]
 18277 | D:10     | Lost mutation: Your movements are slightly less encumbered by armour. (ER -2) [potion of mutation]
 18277 | D:10     | Gained mutation: You are somewhat resistant to further mutation. [potion of mutation]
 18277 | D:10     | Gained mutation: You are resistant to hostile enchantments. (MR+) [potion of mutation]
 18782 | D:10     | Reached XP level 15. HP: 92/104 MP: 15/15
 19023 | D:10     | Reached ****** piety under Trog
 19396 | D:11     | Received a gift from Trog
 19526 | D:11     | Found a shadowy altar of Dithmenos.
 19544 | D:11     | Reached skill level 5 in Maces & Flails
 19594 | D:11     | Received a gift from Trog
 20096 | D:12     | Found a staircase to the Orcish Mines.
 20479 | D:12     | Reached skill level 7 in Shields
 20806 | Orc:1    | Entered Level 1 of the Orcish Mines
 21007 | Orc:2    | Entered Level 2 of the Orcish Mines
 21114 | Orc:1    | Received a gift from Trog
 21457 | Orc:1    | Noticed denis1488's ghost (journeyman MiMo)
 21475 | Orc:1    | Killed denis1488's ghost
 22030 | Orc:2    | Noticed Sonja
 22034 | Orc:2    | Found a staircase to the Elven Halls.
 22046 | Orc:2    | Cast into level 1 of the Abyss (Sonja)
 22142 | Abyss:1  | Gained mutation: Your spells are a little easier to cast, but a little less powerful. [a neqoxec]
 22150 | Abyss:1  | Gained mutation: Your flesh is cold resistant. (rC+) [a neqoxec]
 22250 | Abyss:1  | Reached skill level 8 in Shields
 22442 | Abyss:1  | Received a gift from Trog
 22755 | Abyss:1  | Noticed a tentacled starspawn
 22792 | Abyss:1  | Killed a tentacled starspawn
 22921 | Orc:2    | Escaped the Abyss
 22923 | Orc:2    | HP: 5/105 [starcursed mass/accursed screaming (7)]
 23293 | Orc:2    | Noticed an orc warlord
 23349 | Orc:1    | Killed an orc warlord
 23788 | Orc:2    | Received a gift from Trog
 24420 | Orc:2    | Reached skill level 9 in Shields
 24428 | Orc:2    | Reached XP level 16. HP: 73/111 MP: 16/16
 24570 | Orc:2    | Found Ziehugin's Antique Armour Shop.
 24571 | Orc:2    | Found Bommorog's Antique Weapon Boutique.
 24572 | Orc:2    | Found Nuppu's General Store.
 24572 | Orc:2    | Found Fyalim's Jewellery Shop.
 24945 | Orc:2    | Killed Sonja
 25093 | Elf:1    | Entered Level 1 of the Elven Halls
 25520 | Snake:1  | Entered Level 1 of the Snake Pit
 25572 | Snake:1  | Received a gift from Trog
 27399 | Snake:2  | Noticed a nagaraja
 27432 | Snake:2  | Killed a nagaraja
 27432 | Snake:2  | Reached skill level 10 in Shields
 27615 | Snake:2  | Got a warped turquoise ring
 27617 | Snake:2  | Identified the ring of Vampiric Thralls {rElec SInv} (You found it on level 2 of the Snake Pit)
 27652 | Snake:2  | Found Uppirph's Book Emporium.
 27743 | Snake:2  | Reached skill level 10 in Maces & Flails
 28391 | Snake:3  | Noticed Vashnia
 28737 | Snake:3  | Killed Vashnia
 29096 | Snake:3  | Found Edick's Gadget Shop.
 29111 | Snake:3  | Noticed a nagaraja
 29123 | Snake:3  | Killed a nagaraja
 29123 | Snake:3  | Reached skill level 11 in Shields
 29258 | Snake:3  | Reached XP level 17. HP: 81/118 MP: 1/17
 29527 | Snake:4  | Entered Level 4 of the Snake Pit
 29536 | Snake:4  | Noticed Donald
 29571 | Snake:3  | Killed Donald
 30182 | Snake:4  | Noticed Aizul
 30249 | Snake:3  | Killed Aizul
 30469 | Snake:4  | Reached skill level 12 in Shields
 30709 | Snake:4  | Received a gift from Trog
 31682 | Snake:4  | Reached skill level 13 in Shields
 31785 | Snake:4  | Got a serpentine rune of Zot
 31987 | Shoals:1 | Entered Level 1 of the Shoals
 32481 | Shoals:1 | Noticed Faustar's ghost (journeyman DENe)
 32495 | Shoals:1 | Killed Faustar's ghost
 32620 | Shoals:1 | Found a burning altar of Makhleb.
 32626 | Shoals:1 | Noticed a kraken
 32650 | Shoals:1 | Killed a kraken
 32969 | Shoals:1 | Reached XP level 18. HP: 125/125 MP: 18/18
 33780 | Shoals:2 | Received a gift from Trog
 34783 | Shoals:3 | Noticed Roxanne
 35415 | Shoals:4 | Entered Level 4 of the Shoals
 35767 | Shoals:4 | Got a barnacled rune of Zot
 35842 | Shoals:4 | Noticed Ilsuiw
 36232 | Shoals:4 | Received a gift from Trog
 36255 | Shoals:4 | Noticed Mara
 37354 | Elf:1    | Reached skill level 15 in Armour
 38162 | Elf:1    | Found the brooch of Shielding {Reflect SH+8}
 38530 | D:12     | Received a gift from Trog
 38617 | D:13     | Noticed Josephine
 38628 | D:13     | Killed Josephine
 38793 | D:13     | Noticed Rupert
 38813 | D:13     | Killed Rupert
 39233 | D:14     | Found a gate to the Vaults.
 39623 | D:14     | Reached XP level 19. HP: 132/132 MP: 19/19
 39720 | D:14     | Got a scorched battleaxe
 39721 | D:14     | Identified the +6 battleaxe "Goblinslayer" {drain, rElec} (You found it on level 14 of the Dungeon)
 39961 | D:15     | Entered Level 15 of the Dungeon
 40143 | D:15     | Found a staircase to the Depths.
 40518 | D:15     | Received a gift from Trog
 41105 | Elf:2    | Found Besk's Antique Armour Shoppe.
 41134 | Elf:2    | Got a fine scale mail
 41135 | Elf:2    | Identified the cursed +0 scale mail of Unreason {rN+ rCorr Int+6} (You found it on level 2 of the Elven Halls)
 41381 | Elf:2    | Found Doteoh's General Store.
 41698 | Elf:2    | Received a gift from Trog
 41748 | Elf:2    | Found a runed door.
 41766 | Elf:2    | Found a runed door.
 42452 | Elf:3    | Entered Level 3 of the Elven Halls
 42474 | Elf:3    | Found Pika's Magic Scroll Boutique.
 42486 | Elf:3    | Bought a scroll of blinking for 135 gold pieces
 42486 | Elf:3    | Bought a scroll of identify for 36 gold pieces
 42486 | Elf:3    | Bought a scroll of identify for 36 gold pieces
 42519 | Elf:3    | Noticed Nikola
 42547 | Elf:3    | Killed Nikola
 42810 | Elf:3    | Reached skill level 15 in Maces & Flails
 43762 | Elf:3    | Reached XP level 20. HP: 137/137 MP: 20/20
 44604 | Elf:3    | Received a gift from Trog
 45190 | Elf:3    | Received a gift from Trog
 45192 | Elf:3    | Got a heavily runed ring mail
 45193 | Elf:3    | Identified the cursed +1 ring mail of Grace {rC++ Str-4 Dex-4 Slay+6} (You took it off a deep elf high priest on level 3 of the Elven Halls)
 45344 | Elf:3    | Got a faintly glowing hand axe {chop}
 45453 | Elf:3    | Got a fine turquoise ring
 45454 | Elf:3    | Identified the +3 hand axe of Heilop {chop, *Rage rF+ SInv Stlth+} (You took it off a deep elf high priest on level 3 of the Elven Halls)
 45501 | Elf:3    | Got a twisted chain mail
 45504 | Elf:3    | Identified the +5 chain mail of Nemelex Xobeh's Regard {rC+} (You took it off a deep elf high priest on level 3 of the Elven Halls)
 45676 | Elf:3    | Identified the cursed ring of Tochekh {MR++ AC-2 Int-4 Dex+7} (You took it off a deep elf demonologist on level 3 of the Elven Halls)
 46110 | Vaults:1 | Entered Level 1 of the Vaults
 46324 | Vaults:1 | Reached skill level 10 in Slings
 46407 | Vaults:1 | Reached skill level 14 in Shields
 46959 | Vaults:1 | Received a gift from Trog
 47367 | Vaults:1 | Got a faintly glowing arbalest
 47369 | Vaults:1 | Identified the +7 arbalest "Jellybane" {flame, rPois Str+4 Dex+6} (You found it on level 1 of the Vaults)
 47497 | Vaults:2 | Noticed Bai Suzhen
 47554 | Vaults:1 | Killed Bai Suzhen
 47874 | Vaults:2 | Reached skill level 15 in Shields
 47887 | Vaults:2 | Received a gift from Trog
 48104 | Vaults:2 | Reached XP level 21. HP: 144/144 MP: 21/21
 48419 | Vaults:2 | Found Ytaiheix's Book Shop.
 48645 | Vaults:2 | Received a gift from Trog
 48771 | Vaults:2 | Reached skill level 16 in Shields
 48936 | Vaults:2 | Received a gift from Trog
 49118 | Vaults:2 | Received a gift from Trog
 49359 | Vaults:2 | Found a staircase to the Crypt.
 49715 | Vaults:2 | Found a radiant altar of Vehumet.
 50822 | Vaults:3 | Found Noiryaxu's Magic Scroll Shop.
 50859 | Vaults:3 | Received a gift from Trog
 50919 | Vaults:3 | Bought a scroll of teleportation for 39 gold pieces
 50919 | Vaults:3 | Bought a scroll of magic mapping for 45 gold pieces
 51107 | Vaults:3 | Received a gift from Trog
 51671 | Vaults:4 | Reached XP level 22. HP: 152/152 MP: 22/22
 51740 | Vaults:4 | Noticed Margery
 51745 | Vaults:4 | Reached skill level 1 in Throwing
 51789 | Vaults:4 | Killed Margery
 51821 | Vaults:4 | Found a flickering gateway to a bazaar.
 51832 | Bazaar   | Entered a bazaar
 51832 | Bazaar   | Found Tyiwn's Gadget Emporium.
 51832 | Bazaar   | Found Moameo's Book Shoppe.
 51832 | Bazaar   | Found Ciywkun's Distillery.
 51834 | Bazaar   | Found Estim's Weapon Shoppe.
 52035 | Vaults:4 | Found Moiplerch's Book Shop.
 52318 | Vaults:4 | Reached skill level 5 in Throwing
 52345 | Vaults:4 | Received a gift from Trog
 52793 | Vaults:4 | Noticed Frederick
 52801 | Vaults:4 | Killed Frederick
 52911 | Vaults:4 | Found Vaseasemp's Book Shop.
 53491 | Crypt:1  | Entered Level 1 of the Crypt
 53586 | Crypt:1  | Received a gift from Trog
 55475 | Crypt:3  | Entered Level 3 of the Crypt
 56125 | Crypt:3  | Reached skill level 17 in Shields
 56186 | Crypt:3  | Reached XP level 23. HP: 131/156 MP: 23/23
 56708 | Crypt:3  | Got a heavily runed graven amulet
 56716 | Crypt:3  | Identified the amulet of Romat {+Rage rPois Int+2} (You found it on level 3 of the Crypt)
 57042 | Crypt:3  | Got a twitching pewter ring
 57042 | Crypt:3  | Got a flickering lead ring
 57042 | Crypt:3  | Got a bound golden ring
 57044 | Crypt:3  | Identified the ring "Ufor" {rN+ Str+3} (You found it on level 3 of the Crypt)
 57045 | Crypt:3  | Identified the ring of Joru {rN+ Str+3 Int+3 Stlth+} (You found it on level 3 of the Crypt)
 57046 | Crypt:3  | Identified the ring of the Assorted Demons {rN+ Dex+3} (You found it on level 3 of the Crypt)
 57111 | Crypt:3  | Received a gift from Trog
 57755 | Crypt:3  | Identified Sif Muna's Handbook of the Entourage and Unholy Secrets
 58028 | Crypt:3  | Found a staircase to the Tomb.
 58142 | Crypt:3  | Noticed an ancient lich
 58150 | Crypt:3  | Killed an ancient lich
 58544 | Vaults:5 | Entered Level 5 of the Vaults
 58675 | Vaults:5 | Reached skill level 18 in Shields
 58738 | Vaults:5 | Received a gift from Trog
 58882 | Vaults:4 | Received a gift from Trog
 59857 | Vaults:4 | Reached skill level 19 in Shields
 60323 | Vaults:4 | Reached XP level 24. HP: 157/163 MP: 23/23
 60731 | Vaults:5 | Received a gift from Trog
 61308 | Vaults:5 | Received a gift from Trog
 61392 | Vaults:5 | Reached skill level 20 in Shields
 61779 | Vaults:5 | Got a silver rune of Zot
 61811 | Vaults:5 | Noticed an ancient lich
 61825 | Vaults:5 | Killed an ancient lich
 61932 | Vaults:5 | Got a jewelled ring mail
 61934 | Vaults:5 | Got an ichor-stained hand axe
 61935 | Vaults:5 | Identified the +2 hand axe of Darkness {freeze, rN+ MR- Int+4} (You found it on level 5 of the Vaults)
 61936 | Vaults:5 | Identified the +3 ring mail of Gehenna {-Cast MP+9 Int+3 SInv} (You found it on level 5 of the Vaults)
 61962 | Vaults:5 | Got a polished chain mail
 61964 | Vaults:5 | Identified the +0 chain mail of Zin's Generosity {*Drain rC++ MP+9 SInv} (You took it off an orc on level 5 of the Vaults)
 62751 | Depths:1 | Entered Level 1 of the Depths
 62866 | Depths:1 | Received a gift from Trog
 62893 | Depths:1 | Identified a scroll of acquirement
 63041 | Depths:1 | Found a gateway to Hell.
 63276 | Depths:1 | Received a gift from Trog
 63329 | Depths:1 | Found Fusixt's Magic Scroll Boutique.
 63370 | Depths:1 | Bought a scroll of identify for 28 gold pieces
 63370 | Depths:1 | Bought a scroll of silence for 105 gold pieces
 63370 | Depths:1 | Bought a scroll of magic mapping for 49 gold pieces
 63445 | Depths:1 | Noticed Asterion
 63458 | Depths:1 | Killed Asterion
 63458 | Depths:1 | Received a gift from Trog
 63811 | Depths:1 | Reached XP level 25. HP: 168/168 MP: 23/23
 63979 | Depths:1 | Noticed an ancient lich
 63996 | Depths:1 | Killed an ancient lich
 64053 | Depths:1 | Identified the Disquisition on Sinister Secrets
 64475 | Depths:1 | Received a gift from Trog
 64673 | Depths:1 | Received a gift from Trog
 65078 | Depths:2 | Paralysed by a floating eye for 4 turns
 65085 | Depths:2 | Received a gift from Trog
 65185 | Depths:2 | Found Larhitry's Jewellery Emporium.
 65185 | Depths:2 | Found Ipyigix's Gadget Boutique.
 65186 | Depths:2 | Found Pyitorun's Gadget Boutique.
 65468 | Depths:2 | Reached skill level 15 in Slings
 65997 | Depths:3 | Paralysed by a floating eye for 4 turns
 66051 | Depths:3 | Found a gateway to a ziggurat.
 66323 | Depths:3 | Found Qenaleynn's Food Shoppe.
 66409 | Depths:3 | Found a one-way gate to the infinite horrors of the Abyss.
 66444 | Depths:3 | Received a gift from Trog
 66621 | Depths:3 | Found a one-way gate leading to the halls of Pandemonium.
 66763 | Depths:3 | Received a gift from Trog
 67064 | Depths:4 | HP: 7/168 [spriggan air mage/the air (30)]
 67654 | Depths:3 | Received a gift from Trog
 67718 | Depths:3 | Got a crude platinum ring
 67726 | Depths:3 | Identified the ring "Fikukh" {MR+ Int+3 Dex+3} (You found it on level 3 of the Depths)
 68058 | Depths:4 | Reached XP level 26. HP: 157/174 MP: 23/23
 68260 | Depths:4 | Found a corrupted altar of Lugonu.
 68592 | Depths:4 | Found a runed gate.
 68593 | Depths:4 | Found a runed gate.
 68594 | Depths:4 | Found a runed gate.
 68595 | Depths:4 | Found the +2 Maxwell's thermic engine {flame, freeze, rF- rC-}
 68606 | Depths:4 | Found a runed gate.
 68606 | Depths:4 | Found a runed gate.
 68606 | Depths:4 | Found a runed gate.
 68883 | Depths:4 | Noticed Saint Roka
 69199 | Depths:3 | Received a gift from Trog
 70097 | Depths:3 | Killed Saint Roka
 70529 | Depths:5 | Entered Level 5 of the Depths
 71282 | Depths:5 | Found a gate to the Realm of Zot.
 71739 | Depths:5 | Found Lotev's Armour Shoppe.
 71769 | Depths:5 | Found Itruucasm's Assorted Antiques.
 71773 | Depths:5 | Found Onyguje's Antique Weapon Shoppe.
 71802 | Depths:5 | Received a gift from Trog
 71812 | Depths:5 | Bought a scroll of teleportation for 93 gold pieces
 71812 | Depths:5 | Bought a scroll of enchant armour for 232 gold pieces
 72334 | Zot:1    | Entered Level 1 of the Realm of Zot
 72395 | Zot:1    | Received a gift from Trog
 72702 | Depths:5 | Reached skill level 21 in Shields
 73301 | Zot:1    | Got a jewelled plate armour
 73302 | Zot:1    | Identified the +5 plate armour "Sonee" {rN+ Regen+ Str-4} (You found it on level 1 of the Realm of Zot)
 73677 | Zot:1    | Found Giypnebb's Changing Room.
 73741 | Zot:1    | Received a gift from Trog
 73845 | Zot:1    | You fall through a shaft!
 74309 | Zot:1    | Reached XP level 27. HP: 133/180 MP: 23/23
 74609 | Zot:2    | Killed from afar by a purple draconian scorcher

Skill      XL: |  1  2  3  4  5  6  7  8  9 10 11 12 13 14 15 16 17 18 19 20 21 22 23 24 25 26 |
---------------+-------------------------------------------------------------------------------+-----
Axes           | 3 4 5 6 8 9 10 12 13 | 13.8
Fighting       | 4 5 6 7 9 10 11 13 14 15 16 17 18 19 20 | 20.6
Dodging        | 2 3 |  3.4
Slings         | 1 2 3 4 5 6 10 11 13 16 | 16.6
Armour         | 3 4 6 7 9 10 11 12 13 14 16 17 19 20 | 20.2
Maces & Flails | 1 3 8 10 12 15 16 18 19 20 | 20.9
Shields        | 3 6 9 11 13 15 16 17 19 20 21 | 21.2
Throwing       | 7 |  7.7

Action                   |  1- 3 |  4- 6 |  7- 9 | 10-12 | 13-15 | 16-18 | 19-21 | 22-24 | 25-27 || total
-------------------------+-------+-------+-------+-------+-------+-------+-------+-------+-------++-------
Melee: Hand axe          |    84 |   187 |   362 |   589 |   939 |       |       |       |       ||  2161
       Dire flail        |       |       |       |     6 |    22 |       |       |       |       ||    28
       Demon whip        |       |       |       |       |  1357 |  1793 |  1783 |  2065 |  1607 ||  8605
       Mace              |       |       |       |       |       |       |       |    11 |       ||    11
       Fustibalus        |       |       |       |       |       |       |       |       |     1 ||     1
 Fire: Hunting sling     |       |    55 |    24 |       |       |       |       |       |       ||    79
       Fustibalus        |       |       |     7 |    16 |       |   146 |   207 |   506 |   332 ||  1214
Invok: Berserk           |     2 |     2 |     3 |    11 |    21 |    16 |    11 |    10 |     9 ||    85
       Brothers in Arms  |       |       |       |     1 |     2 |     7 |     2 |     7 |     2 ||    21
       Trog's Hand       |       |       |       |       |       |     2 |     2 |     3 |       ||     7
 Abil: Fly               |       |       |       |       |     1 |       |       |     1 |       ||     2
       Stop Flying       |       |       |       |       |       |       |       |     1 |     1 ||     2
Evoke: Wand              |       |       |       |       |       |       |     1 |     2 |     2 ||     5
  Use: Scroll            |     1 |     2 |    10 |     4 |    11 |    14 |    22 |    14 |    20 ||    98
       Potion            |     2 |     5 |     2 |     2 |     3 |     2 |       |     2 |     1 ||    19
 Stab: Sleeping          |     1 |       |       |       |       |       |       |       |       ||     1
       Distracted        |       |       |       |     1 |       |       |     1 |     1 |     1 ||     4
       Invisible         |       |       |       |       |       |     2 |       |       |       ||     2
       Held in net/web   |       |       |       |       |       |       |       |     2 |       ||     2
  Eat: Chunk             |     3 |    10 |    12 |    13 |    40 |    16 |    36 |    12 |    22 ||   164
       Ration            |       |       |     1 |     5 |     9 |    15 |     4 |    12 |     6 ||    52
Armor: Animal skin       |    18 |       |       |       |       |       |       |       |       ||    18
       Scale mail        |    13 |    88 |    41 |       |       |       |       |       |       ||   142
       Plate armour      |       |       |   191 |   442 |   979 |   619 |   468 |   449 |   126 ||  3274
       Gold dragon scale |       |       |       |       |       |       |       |       |   445 ||   445
Dodge: Dodged            |    58 |    94 |   151 |   288 |   548 |   288 |   112 |   188 |   195 ||  1922
       Deflected         |       |       |       |       |    14 |    79 |    20 |    16 |    14 ||   143
Block: Buckler           |       |       |       |       |   482 |   261 |       |       |       ||   743
       Reflection        |       |       |       |       |    11 |   192 |   171 |    91 |    71 ||   536
       Shield            |       |       |       |       |       |   640 |       |       |       ||   640
       Large shield      |       |       |       |       |       |   289 |  1535 |  1994 |  1869 ||  5687
